 Dungeon Crawl Stone Soup version 0.21.1-1-g345015f (webtiles) character file.

293 suicidejoker the Bolt Thrower (level 6, -2/41 HPs)
             Began as an Octopode Hunter on Mar 18, 2018.
             Slain by an orc (4 damage)
             ... on level 4 of the Dungeon.
             The game lasted 00:06:18 (2993 turns).

suicidejoker the Bolt Thrower (Octopode Hunter)     Turns: 2993, Time: 00:06:18

Health: -2/41      AC:  1    Str:  9 (11) XL:     6   Next: 33%
Magic:  0/6        EV: 13    Int: 12 (15) God:
Gold:   158        SH:  3    Dex: 10 (13) Spells: 5/5 levels left

rFire    . . .     SeeInvis .   b - +0 dagger
rCold    . . .     Gourm    .   r - +0 buckler
rNeg     . . .     Faith    .   (helmet restricted)
rPois    .         Spirit   +   m - amulet of guardian spirit
rElec    .         Reflect  .   (no ring)
rCorr    .         Harm     .   (no ring)
MR       .....                  (no ring)
Stlth    ++++......             (no ring)
HPRegen  0.13/turn              (no ring)
MPRegen  0.10/turn              (no ring)
                                (no ring)
                                (no ring)

@: no status effects
A: almost no armour, stealthy swim, amphibious, 8 rings, constrict 8, camouflage
1, clever 1, weak 1, gelatinous body 1
a: no special abilities


You were on level 4 of the Dungeon.
You were not hungry.

You visited 1 branch of the dungeon, and saw 4 of its levels.

You collected 158 gold pieces.

Inventory:

Hand Weapons
 a - a +1 hand crossbow
 b - a +0 dagger (weapon)
 n - a +0 hunting sling
 s - a +1 flail of protection
 u - a +1 spear of freezing
Missiles
 c - 28 bolts
 e - 30 poisoned needles
 i - 67 arrows
 j - 82 stones (quivered)
 p - 38 sling bullets
Armour
 r - a +0 buckler (worn)
Jewellery
 m - an amulet of guardian spirit (around mantle)
Scrolls
 f - 3 scrolls of identify
 g - a scroll of remove curse
 h - 2 scrolls of teleportation {unknown}
 k - a scroll of amnesia {unknown}
Potions
 o - a potion of curing
Comestibles
 d - 7 rations


   Skills:
 + Level 2.9 Fighting
 + Level 2.0 Short Blades
 * Level 5.1 Crossbows
 + Level 2.9 Dodging
 * Level 4.9 Stealth


You had 5 spell levels left.
You didn't know any spells.

Dungeon Overview and Level Annotations

Branches:
Dungeon (4/15)
 Temple: D:4-7

Altars:
Ashenzari
Fedhas
Hepliaklqana
Xom


Innate Abilities, Weirdness & Mutations

You cannot wear most types of armour.
You are very stealthy in the water. (Stealth+)
You are amphibious.
You can wear up to eight rings at the same time.
You can use your tentacles to constrict eight enemies at once.
Your skin changes colour to match your surroundings (Stealth+).
Your rubbery body absorbs attacks. (AC +1, EV +1)
Your mind is acute. (Int +2)
You are weak. (Str -2)


Message History

You feel weakened.
You feel dopey.
You feel clumsy. The orc hits you. The orc hits you with a whip.
* * * LOW HITPOINT WARNING * * *
An orc comes into view. It is wielding a club.
You feel better. The orc hits you with a whip.
* * * LOW HITPOINT WARNING * * *
The orc misses you.
Okay, then.
Okay, then.
Okay, then.
You hit the orc. Your grab misses the orc.
The orc is heavily wounded.
The orc priest mumbles some strange prayers to Beogh against you.
Beogh smites you!
* * * LOW HITPOINT WARNING * * *
The orc barely misses you. The orc closely misses you.
You feel extremely strange.
You feel weaker.
You feel clever. The orc misses you. The orc hits you.
You die...

#...######.#......#
#............#.#..#
###...######...#.<#.#
..........##...#.. .#
........#.#....### .#
........#.#.#......
........#.._..#####
..........#.#.....
.......@###..#####
......)ooo##.#
......(.#o# .#
......(.o.# .#
###+##.(( . .#
#...(.. #(... ..
##..(....


You could see an orc priest and 4 orcs.

Vanquished Creatures
  The ghost of suicidejoker the Bolt Thrower, an amateur OpHu (D:3)
  An orc priest (D:3)
  An orc wizard (D:4)
  A howler monkey skeleton (D:4)
  4 gnolls (D:4)
  3 adders
  An ooze (D:3)
  2 worms (D:3)
  2 dart slugs (D:2)
  2 leopard geckos
  8 orcs
  A ball python (D:3)
  4 bats
  2 giant cockroaches
  7 goblins
  4 hobgoblins
  A frilled lizard (D:3)
  6 kobolds
  18 rats
69 creatures vanquished.

Notes
Turn   | Place    | Note
-------+----------+-------------------------------------------
     0 | D:1      | suicidejoker the Octopode Hunter began the quest for the Orb.
     0 | D:1      | Reached XP level 1. HP: 14/14 MP: 1/1
    17 | D:1      | Reached XP level 2. HP: 19/19 MP: 2/2
   457 | D:1      | Found a shattered altar of Ashenzari.
  1029 | D:2      | Reached XP level 3. HP: 24/24 MP: 3/3
  1348 | D:2      | Reached skill level 1 in Short Blades
  1663 | D:2      | Reached XP level 4. HP: 30/30 MP: 4/4
  2207 | D:3      | Reached XP level 5. HP: 35/35 MP: 5/5
  2300 | D:3      | Noticed suicidejoker's ghost (amateur OpHu)
  2317 | D:3      | Killed suicidejoker's ghost
  2816 | D:3      | Found a blossoming altar of Fedhas.
  2817 | D:3      | Found a shimmering altar of Xom.
  2840 | D:4      | Reached skill level 5 in Crossbows
  2855 | D:4      | Reached XP level 6. HP: 41/41 MP: 6/6
  2895 | D:4      | Found a hazy altar of Hepliaklqana.
  2992 | D:4      | HP: 2/41 [orc priest/divine providence (10)]
  2993 | D:4      | Gained mutation: You are weak. (Str -2) [potion of mutation]
  2993 | D:4      | Gained mutation: Your mind is acute. (Int +2) [potion of mutation]
  2993 | D:4      | Slain by an orc

Skill      XL: |  1  2  3  4  5  6 |
---------------+-------------------+-----
Stealth        | 2 3 4 |  4.9
Short Blades   | 1 2 |  2.0
Crossbows      | 5 |  5.1
Fighting       | |  2.9
Dodging        | |  2.9

Action                   |  1- 3 |  4- 6 || total
-------------------------+-------+-------++-------
Melee: Short sword       |     2 |       ||     2
       Constrict         |     1 |     4 ||     5
       Dagger            |       |    21 ||    21
       Tentacles         |       |     2 ||     2
 Fire: Hand crossbow     |    71 |    73 ||   144
Throw: Stone             |       |     8 ||     8
  Use: Scroll            |       |     2 ||     2
       Potion            |       |     6 ||     6
  Eat: Chunk             |     2 |     4 ||     6
Dodge: Dodged            |    22 |    31 ||    53
Block: Buckler           |       |     5 ||     5
